cohdb
Replays
Latest Replays
All Replays
Popular Replays
Top Player Replays
Match Explorer
How It Works
Community
CoH3 Stats
Reddit
Sign in to upload your games and track your stats! →
Sign in with Steam
Match 23670113
Unlisted
Match 23670113
Overview
Messages
Build Orders
End
Vickers Machine Gun Team
Construct Section Command Post
Dingo Light Scout Car
Infantry Section
ML 3-inch Mortar Team
Construct Platoon Command Post
Selects Indian Artillery Battlegroup
Selects Towed ML 4.2-inch Heavy Mortar
Towed ML 4.2-inch Heavy Mortar
Unlock M3 Stuart Light Tanks
M3 Stuart Light Tank
Selects Valour
Selects Gurkha Rifles Section
Construct Company Command Post
6-pounder Anti-tank Gun Team
Gurkha Rifles Section
Matilda II Heavy Tank
Foot Guards Section
Selects Off-map Airburst Barrage
Off-map Airburst Barrage
Matilda II Heavy Tank
Off-map Airburst Barrage
CMP 15cwt Truck
Matilda II Heavy Tank
SneaKerz
gb_gbg
Nukepapa
Gamma
0
0
Comments
sign in to comment!
No comments posted yet!